 Dungeon Crawl Stone Soup version 0.31-a0-331-geda263fcf1 (webtiles) character file.

Game seed: 16597670573283015159

576 Maxmaps the Chopper (level 7, 0/68 (72) HPs)
             Began as an Ogre Shapeshifter on July 19, 2023.
             Was a Priest of the Shining One.
             Slain by a gnoll
             ... wielding a +0 spear
              (6 damage)
             ... on level 4 of the Dungeon.
             The game lasted 00:04:26 (3948 turns).

Maxmaps the Chopper (Ogre Shapeshifter)             Turns: 3948, Time: 00:04:27

HP:   0/68 (72)     AC:  3    Str: 20    XL:     7   Next: 35%
MP:   7/7           EV:  9    Int: 11    God:    the Shining One [***...]
Gold: 220           SH:  0    Dex:  9    Spells: 6/6 levels left

rFire   . . .        o - +2 war axe (elec)
rCold   . . .        (no shield)
rNeg    + . .        a - +0 animal skin
rPois   .            (helmet currently unavailable)
rElec   .            (cloak currently unavailable)
rCorr   .            (gloves unavailable)
SInv    .            (boots unavailable)
Will    .....        (no amulet)
Stlth   +            (no ring)
HPRegen 0.31/turn    (no ring)
MPRegen 0.10/turn

%: no passive effects
@: beast-form, hasted, glowing, drained, very quick
A: beast (slay +2), large, unfitting armour, tough skin 1
a: Begin Untransformation, Renounce Religion, Divine Shield, Cleansing Flame


You were on level 4 of the Dungeon.
You worshipped the Shining One.
The Shining One was most pleased with you.
You were a hulking beast.
You visited 2 branches of the dungeon, and saw 5 of its levels.
You also visited: Ossuary.

You collected 220 gold pieces.

Inventory:

Hand Weapons
 l - a +0 club
 o - a +2 war axe of electrocution (weapon)
Armour
 a - a +0 animal skin (worn)
 r - a +2 cloak
Talismans
 c - a beast talisman
Scrolls
 d - 2 scrolls of poison {unknown}
 e - a scroll of immolation {unknown}
 f - 2 scrolls of vulnerability {unknown}
 g - 2 scrolls of teleportation {unknown}
 h - 2 scrolls of identify {unknown}
 i - a scroll of noise {unknown}
 n - a scroll of fear {unknown}
 p - 2 scrolls of fog {unknown}
 s - a scroll of amnesia {unknown}
 t - a scroll of enchant weapon {unknown}
 w - a scroll of brand weapon {unknown}
Potions
 b - a potion of lignification
 j - 2 potions of cancellation {unknown}
 k - 2 potions of haste
 m - a potion of curing
 q - a potion of heal wounds {unknown}
 u - a potion of might {unknown}
 v - 3 potions of enlightenment {unknown}


   Skills:
 - Level 5.1 Fighting
 + Level 6.1(6.2) Axes
 - Level 1.2(3.7) Maces & Flails
 - Level 1.7 Dodging
 - Level 2.5 Unarmed Combat
 - Level 3.0 Shapeshifting


You had 6 spell levels left.
You didn't know any spells.
Your spell library contained the following spells:

 Spells                   Type           Power      Damage    Failure   Level
 Apportation              Tloc           0%         N/A       34%         1
 Necrotise                Necr           0%         1d4       34%         1
 Summon Small Mammal      Summ           0%         N/A       34%         1
 Hailstorm                Conj/Ice       0%         3d3       71%         3
 Summon Ice Beast         Ice/Summ       0%         N/A       98%         4
 Simulacrum               Ice/Necr       0%         N/A       100%        6


Dungeon Overview and Level Annotations

Branches:
Dungeon (4/15)             Temple (1/1) D:4         Ossuary (visited)

Altars:
Ashenzari
Cheibriados
Dithmenos
Elyvilon
Fedhas
Gozag
Hepliaklqana
Kikubaaqudgha
Makhleb
Okawaru
Qazlal
Ru
Sif Muna
Uskayaw
Vehumet
Yredelemnul
Zin
The Shining One

Annotations:
D:4 3 runed translucent doors, IYTBazzie's ghost, amateur MiDe
Temple 4 transporters


Innate Abilities, Weirdness & Mutations

You are a hulking beast.
Your limbs bulge with bestial killing power. (Slay +2)
You are too large for most types of armour.
You have tough skin. (AC +1)


Message History

The gnoll is almost dead.
You slash the gnoll! The gnoll misses you.
The gnoll hits you from afar with a +0 spear.
The gnoll closely misses you. The gnoll barely misses you.
The gnoll hits you from afar with a +0 spear.
You barely miss the gnoll.
The gnoll is almost dead.
You slash the gnoll! Lightning courses through the gnoll!
You kill the gnoll!
You hit the gnoll bouda but do no damage.
The gnoll hits you from afar with a +0 spear.
The gnoll closely misses you.
The gnoll bouda hits you with a +0 club.
The gnoll hits you from afar with a +0 spear!
The gnoll hits you from afar with a +0 spear.
You are too injured to fight recklessly!
You are too injured to fight recklessly!
Unknown command.
The gnoll attacks as you move away! The gnoll barely misses you.
The gnoll bouda attacks as you move away!
The gnoll bouda hits you with a +0 club!
The gnoll hits you with a +2 whip of draining!
* * * LOW HITPOINT WARNING * * *
You partially resist.
You feel drained.
The gnoll bouda attacks as you move away!
The gnoll bouda hits you with a +0 club.
* * * LOW HITPOINT WARNING * * *
The gnoll hits you with a +2 whip of draining!
* * * LOW HITPOINT WARNING * * *
You partially resist.
You feel drained.
* * * LOW HITPOINT WARNING * * *
It was a potion of haste.
You feel yourself speed up.
The gnoll hits you from afar with a +0 spear.
* * * LOW HITPOINT WARNING * * *
The gnoll closely misses you. The gnoll hits you with a +0 club.
* * * LOW HITPOINT WARNING * * *
The gnoll closely misses you.
It was a potion of curing.
You feel better.
The gnoll hits you from afar with a +0 spear.
You die...

..................#.#.#.......
..........#....##.###..
...........#.#.....##..
b..#......#.##...÷##..
.............##.#..#÷. .
###.....###..##.##).<. ..
#..##.# ##.......[..
...####.g...##.#......[...
......#.gh....[.......[...
.......g.g...##.#####.....
.......g...#....? #....>
.###..g)...#...=. ......
#.g..........#.# .......
#...###..#...# ##....... .....
#..#.... .......# ...... ..##
..# .....#### ..... .. ##


You could see a gnoll bouda and 6 gnolls.

Vanquished Creatures
  A black bear (D:4)
  A centaur zombie (Ossuary)
  A hound (D:4)
  An orc priest (D:4)
  4 human zombies (Ossuary)
  An orc wizard (D:3)
  2 hound zombies (Ossuary)
  3 mummies (Ossuary)
  3 gnolls (D:4)
  2 adders (D:2)
  3 adder zombies (Ossuary)
  2 worms (D:2)
  4 dart slugs
  11 orcs
  5 endoplasms
  3 giant cockroaches
  A gnoll zombie (Ossuary)
  9 goblins
  11 hobgoblins
  3 quokkas (D:2)
  7 ball pythons
  5 bats
  5 frilled lizards
  2 goblin zombies (Ossuary)
  3 hobgoblin zombies (Ossuary)
  8 jackal zombies (Ossuary)
  7 kobolds
  A kobold zombie (Ossuary)
  An orc zombie (Ossuary)
  4 quokka zombies (Ossuary)
  9 rats
  2 rat zombies (Ossuary)
  A spectral orc (D:3)
126 creatures vanquished.

Notes
Turn   | Place    | Note
-------+----------+-------------------------------------------
     0 | D:1      | Maxmaps the Ogre Shapeshifter began the quest for the Orb.
     0 | D:1      | Reached XP level 1. HP: 22/22 MP: 1/1
    99 | D:1      | Reached XP level 2. HP: 29/29 MP: 2/2
   268 | D:1      | Found a faded altar of an unknown god.
   308 | D:1      | Reached XP level 3. HP: 37/37 MP: 3/3
   839 | D:2      | Reached XP level 4. HP: 25/49 MP: 4/4
   943 | D:2      | Reached skill level 5 in Fighting
  1976 | D:3      | Reached skill level 1 in Maces & Flails
  2187 | D:3      | Found a basalt altar of Yredelemnul.
  2561 | D:3      | Reached skill level 1 in Axes
  2572 | D:3      | Reached XP level 5. HP: 24/57 MP: 5/5
  2980 | D:4      | Reached skill level 2 in Axes
  3065 | D:4      | Found a staircase to the Ecumenical Temple.
  3078 | Temple   | Found a transporter.
  3078 | Temple   | Found a transporter.
  3078 | Temple   | Found a transporter.
  3078 | Temple   | Found a transporter.
  3078 | Temple   | Entered the Ecumenical Temple
  3096 | Temple   | Became a worshipper of the Shining One
  3128 | D:4      | Found a sand-covered staircase.
  3134 | D:4      | Noticed a black bear
  3142 | D:4      | Killed a black bear
  3143 | D:4      | Reached skill level 4 in Axes
  3143 | D:4      | Reached XP level 6. HP: 33/66 MP: 6/6
  3195 | Ossuary  | Entered an ossuary
  3277 | Ossuary  | Reached * piety under the Shining One
  3426 | Ossuary  | Reached skill level 5 in Axes
  3460 | Ossuary  | Reached ** piety under the Shining One
  3603 | Ossuary  | Reached XP level 7. HP: 63/72 MP: 7/7
  3612 | Ossuary  | Reached *** piety under the Shining One
  3744 | Ossuary  | Reached skill level 6 in Axes
  3833 | D:4      | Found a runed translucent gate.
  3833 | D:4      | Found a runed translucent gate.
  3833 | D:4      | Found a runed translucent gate.
  3837 | D:4      | Noticed IYTBazzie's ghost (amateur MiDe)
  3947 | D:4      | HP: 2/68 [gnoll/+0 spear (3)]
  3948 | D:4      | Slain by a gnoll

Illustrated notes

Levels and vault maps discovered:
D:1:      onia_arrival_handbag, layout_loops_cross,
          ebering_ecumenical_altar_mist, hangedman_decor_points, hex_medium
D:2:      layout_basic, serial_bayou_pond_c
D:3:      layout_basic, yredelemnul_forgotten_temple_becter,
          grunt_decor_mini_mirrors
D:4:      layout_cave_pools, minmay_temple_entry_butterflies,
          nicolae_ossuary_entry_ruins, gammafunk_ghost_split
Temple:   hellmonk_temple_divided_pantheon

Skill      XL: |  1  2  3  4  5  6  7 |
---------------+----------------------+-----
Unarmed Combat | 2 |  2.5
Fighting       | 3 4 5 |  5.1
Maces & Flails | 1 |  1.2
Axes           | 1 4 5 6 |  6.1
Dodging        | |  1.7
Shapeshifting  | |  3.0

Action                     |  1- 3 |  4- 6 |  7- 9 || total
---------------------------+-------+-------+-------++-------
  Melee: Unarmed           |    75 |    21 |       ||    96
         Punch             |     1 |     3 |     1 ||     5
         Club              |       |    60 |       ||    60
         War axe           |       |   107 |    28 ||   135
    Use: Potion            |       |       |     2 ||     2
   Stab: Sleeping          |     2 |     1 |       ||     3
 Armour: Animal skin       |    23 |    58 |     4 ||    85
  Dodge: Dodged            |    29 |    92 |    19 ||   140

Table legend: (Time is in decaauts)
 A = Elapsed time spent in this place.
 B = Non-inter-level travel time spent in this place.
 C = Inter-level travel time spent in this place.
 D = Time resting spent in this place.
 E = Time spent auto-exploring this place.
 F = Levels seen in this place.
 G = Mean time per level.
                   A        B        C        D        E       F      G
               +--------+--------+--------+--------+--------+-----+--------+
         Total |   4001 |   3886 |    115 |    373 |   2766 |   6 |  666.8 |
       Dungeon |   3314 |   3199 |    115 |    314 |   2321 |   4 |  828.5 |
        Temple |     38 |     38 |      0 |      0 |      0 |   1 |   38.0 |
       Ossuary |    648 |    648 |      0 |     59 |    445 |   1 |  648.0 |
               +--------+--------+--------+--------+--------+-----+--------+

Top non-repeatable levels by time:
     D:2: 1276 daAuts
     D:3: 1066 daAuts
     D:1: 659 daAuts
 Ossuary: 648 daAuts
     D:4: 312 daAuts
  Temple: 38 daAuts
